 Dungeon Crawl Stone Soup version 0.20-a0-870-g4070442 (webtiles) character file.

24 4thArraOfDagon the Scratcher (level 2, 0/14 HPs)
             Began as a Felid Chaos Knight on Mar 13, 2017.
             Succumbed to an adder's poison
             ... on level 4 of the Dungeon.
             The game lasted 00:02:09 (373 turns).

4thArraOfDagon the Scratcher (Felid Chaos Knight)    Turns: 373, Time: 00:02:09

Health: 0/14       AC:  1    Str:  8    XL:     2   Next: 79%
Magic:  3/3        EV: 19    Int: 13    God:    Xom [..*...]
Gold:   92         SH:  0    Dex: 15    Spells: 1/1 levels left
                                        Lives:  0   Deaths: 0

rFire    . . .     SeeInvis +     - Unarmed
rCold    + . .     Gourm    .   (armour unavailable)
rNeg     . . .     Faith    .   (shield unavailable)
rPois    .         Spirit   .   (helmet unavailable)
rElec    .         Reflect  .   (cloak unavailable)
rCorr    .         Harm     .   (gloves unavailable)
MR       .....                  (boots unavailable)
Stlth    ++........             (no amulet)
Regen    0.1/turn               c - ring of protection from cold
MPRegen  0.1/turn               h - +1 ring of evasion

@: lethally poisoned (0 -> -6), exhausted, very slightly contaminated, slowed,
slow
A: no armour, no weapons or thrown items, stealth, claws 1, fangs 3, see
invisible, carnivore 3, speed 1, shaggy fur 1, slow metabolism 1, sharp paws
a: Renounce Religion


You were on level 4 of the Dungeon.
You worshipped Xom.
You were a toy of Xom.
You were full.

You visited 1 branch of the dungeon, and saw 4 of its levels.

You collected 92 gold pieces.

Inventory:

Jewellery
 c - a ring of protection from cold (right paw)
 h - a +1 ring of evasion (left paw)
Scrolls
 b - 2 scrolls of identify {unknown}
 e - a scroll of random uselessness {unknown}
 f - 2 scrolls of remove curse {unknown}
 g - a scroll of enchant weapon {unknown}
Comestibles
 a - a meat ration


   Skills:
 - Level 3.0 Fighting
 + Level 3.4 Dodging
 * Level 2.0 Stealth
 * Level 3.6 Unarmed Combat


You had one spell level left.
You didn't know any spells.

Dungeon Overview and Level Annotations

Branches:
Dungeon (4/15)
 Temple: D:4-7

Altars:


Innate Abilities, Weirdness & Mutations

You cannot wear armour.
You are incapable of wielding weapons or throwing items.
Your paws allow you to move quietly. (Stealth)
You have sharp claws.
You have razor-sharp teeth.
You have supernaturally acute eyesight. (SInv)
You are carnivorous and can eat meat at any time.
You cover ground quickly.
You are covered in fur. (AC +1)
You have a slow metabolism.
Your sharp claws are effective at attacking unaware monsters.


Message History

Unknown command.
It was a potion of berserk rage.
A red film seems to cover your vision as you go berserk!
You feel yourself moving faster!
You feel mighty!
You feel a strong urge to attack something.
* * * LOW HITPOINT WARNING * * *
You feel sick.
You feel your anger subside.
You are no longer berserk.
You are exhausted.
You feel yourself slow down.
* * * LOW HITPOINT WARNING * * *
You feel sick.
* * * LOW HITPOINT WARNING * * *
You feel sick.
* * * LOW HITPOINT WARNING * * *
You feel sick.
Found an escape hatch in the ceiling.
You die...
Xom guffaws!

### .. #.< #.# #.#
###.##### #.#
#.......# #.#
###.#.###.# #.#######
..........####.@.....#
##.#...........####.#
#....##.#####.#
#.#.###.# .#..
#.......# # ##..
##...#### ..# #..<# ##
#...# #...#


There were no monsters in sight!

Vanquished Creatures
  An adder (D:4)
  An ooze (D:2)
  A dart slug (D:1)
  2 hobgoblins (D:2)
  2 bats (D:2)
  A frilled lizard (D:1)
  2 kobolds (D:1)
  2 rats
12 creatures vanquished.

Notes
Turn   | Place    | Note
-------+----------+-------------------------------------------
     0 | D:1      | 4thArraOfDagon the Felid Chaos Knight began the quest for the Orb.
     0 | D:1      | Reached XP level 1. HP: 10/10 MP: 2/2
    27 | D:1      | XOM: silly message
    94 | D:1      | XOM: divination: detect items
   105 | D:1      | Reached skill level 1 in Stealth
   108 | D:1      | XOM: divination: detect creatures
   140 | D:1      | XOM: harmless Necr miscast
   183 | D:2      | Reached XP level 2. HP: 5/14 MP: 3/3
   373 | D:4      | Succumbed to an adder's poison

Vault maps used:
D:1:      lightli_arrival_statue_moat
D:4:      minmay_temple_entry_purple_smoke, minmay_misc_feat_tiny

Skill      XL: |  1  2 |
---------------+-------+-----
Stealth        | 1 2 |  2.0
Fighting       | |  3.0
Dodging        | |  3.4
Unarmed Combat | |  3.6

Action                   || total
-------------------------++-------
Melee: Unarmed           ||    33
       Bite              ||     4
       Punch             ||     1
  Use: Potion            ||     3
 Stab: Sleeping          ||     3
       Invisible         ||     1
  Eat: Chunk             ||     3
Armor: Skin              ||     2
Dodge: Dodged            ||    18
